 Dungeon Crawl Stone Soup version 0.29-a0-902-g0f71de6fce (webtiles) character file.

Game seed: 6960627134148990767

469 mainiacjoe the Trooper (level 7, 76/76 HPs)
             Began as an Ogre Ice Elementalist on Mar 11, 2022.
             Was an Initiate of Hepliaklqana.
             Quit the game on level 4 of the Dungeon on July 25, 2022.
             The game lasted 00:13:40 (4486 turns).

mainiacjoe the Trooper (Ogre Ice Elementalist)      Turns: 4486, Time: 00:13:41

Health: 76/76      AC:  3    Str: 13    XL:     7   Next: 9%
Magic:  5/10       EV: 10    Int: 18    God:    Hepliaklqana [......]
Gold:   197        SH:  0    Dex: 15    Spells: 4/11 levels left

rFire   . . .      SeeInvis .   a - +7 staff of the Meek {protect, meekguard}
rCold   . . .      Faith    .   (shield currently unavailable)
rNeg    . . .      Spirit   .   m - +0 robe
rPois   .          Reflect  .   (helmet restricted)
rElec   .          Harm     .   (no cloak)
rCorr   .          Rampage  .   (gloves unavailable)
Will    .....                   (boots unavailable)
Stlth   ++........              (no amulet)
HPRegen 0.22/turn               l - +6 ring of dexterity
MPRegen 0.12/turn               (no ring)

@: freezing walls
A: large, unfitting armour, tough skin 1
a: Renounce Religion


You were on level 4 of the Dungeon.
You worshipped Hepliaklqana.
Hepliaklqana was noncommittal.
You visited 1 branch of the dungeon, and saw 4 of its levels.

You collected 197 gold pieces.

Inventory:

Hand Weapons
 a - the +7 staff of the Meek (weapon) {protect, meekguard}
   (You found it on level 3 of the Dungeon)

   It grants its wielder temporary protection when it strikes (+7 to AC).
   It provides extra protection to wielders with little health.
 b - a +2 vorpal spear
 c - a +0 whip
Missiles
 i - 82 stones
 p - 4 poisoned darts
 s - 5 boomerangs (quivered)
 t - 4 large rocks {=F}
Armour
 m - a +0 robe (worn)
Jewellery
 l - a +6 ring of dexterity (left hand)
Wands
 o - a wand of digging (3)
Scrolls
 e - a scroll of identify
 g - a scroll of silence {unknown}
 k - a scroll of fog {unknown}
Potions
 d - a potion of heal wounds {unknown}
 f - a potion of resistance {unknown}
 h - a potion of cancellation {unknown}
 j - a potion of flight {unknown}
 n - 2 potions of attraction
 q - 2 potions of curing
 r - a potion of magic
 u - a potion of might {unknown}


   Skills:
 + Level 6.4 Fighting
 - Level 1.7 Dodging
 - Level 1.4 Stealth
 - Level 2.5 Spellcasting
 + Level 5.9 Ice Magic


You had 4 spell levels left.
You knew the following spells:

 Your Spells              Type           Power      Damage    Failure   Level
a - Freeze                Ice            92%        1d10      1%          1
b - Frozen Ramparts       Ice            46%        1d6       4%          3
c - Ozocubu's Armour      Ice            23%        N/A       4%          3

Your spell library contained the following spells:

 Spells                   Type           Power      Damage    Failure   Level
 Ensorcelled Hibernation  Hex/Ice        24%        N/A       8%          2
 Sting                    Tmut/Pois      8%         1d3       17%         1
 Passwall                 Tmut/Erth      1%         N/A       26%         2
 Poisonous Vapours        Pois/Air       4%         N/A       26%         2
 Swiftness                Air            2%         N/A       45%         3
 Hailstorm                Conj/Ice       12%        3d5       45%         4
 Olgreb's Toxic Radiance  Pois           2%         N/A       86%         4


Dungeon Overview and Level Annotations

Branches:
Dungeon (4/15)
 Temple: D:4-7

Altars:
Hepliaklqana
Uskayaw


Innate Abilities, Weirdness & Mutations

You are too large for most types of armour.
You have tough skin. (AC +1)


Message History

You see here an iguana corpse.
A scorpion comes into view.
You throw a boomerang. The boomerang hits the scorpion.
The scorpion is moderately wounded.
You see here an iguana corpse.
Casting: Frozen Ramparts (dangerous; 4% risk of failure)
Confirm with . or Enter, or press ? or * to list all spells.
Casting: Frozen Ramparts (dangerous; 4% risk of failure)
Press: ? - help, Dir - look around, f - activate The walls around you are covered in ice.
The wall freezes the scorpion but does no damage.
You throw a boomerang.
The boomerang barely misses the scorpion.
The wall freezes the scorpion. x2
The scorpion stings you but does no damage.
Casting: Frozen Ramparts (dangerous; 4% risk of failure)
Confirm with . or Enter, or press ? or * to list all spells.
Aiming: Freeze (safe; 1% risk of failure)
Press: ? - help, Shift-Dir - straight line, f/p - scorpion
Aim: a scorpion (heavily wounded)
You freeze the scorpion.
The scorpion is almost dead.
The wall freezes the scorpion.
You kill the scorpion!
You have reached level 7!
Okay, then.
Saving game... please wait.
Welcome back, mainiacjoe the Ogre Ice Elementalist.
Hepliaklqana says: Your past becomes your present!
Press ? for a list of commands and other information.
Welcome back, mainiacjoe the Ogre Ice Elementalist.
Hepliaklqana says: Your past becomes your present!
Press ? for a list of commands and other information.
Welcome back, mainiacjoe the Ogre Ice Elementalist.
Hepliaklqana says: Your past becomes your present!
Press ? for a list of commands and other information.
Welcome back, mainiacjoe the Ogre Ice Elementalist.
Hepliaklqana says: Your past becomes your present!
Press ? for a list of commands and other information.
Are you sure you want to abandon this character and quit the game? (Confirm with "yes".)

#.# #.##.# #.# #.#
#.##.# #.# # #.#
#.##.# #.#
#.##.#####.##.# ...
#.............####..
####................
#.#####.##.......
#.#####†# .......
#......@# .......
######### .s.....
....... .......
.......


There were no monsters in sight!

Vanquished Creatures
  Sigmund (D:3)
  A scorpion (D:4)
  2 iguanas (D:4)
  Natasha (D:3)
  Terence (D:3)
  Robin (D:3)
  3 gnolls (D:2)
  3 adders
  A white imp (D:4)
  A worm (D:2)
  5 dart slugs
  5 endoplasms
  2 giant cockroaches
  16 goblins
  6 hobgoblins
  3 jackals (D:1)
  5 kobolds
  2 quokkas
  4 ball pythons
  6 bats
  6 frilled lizards
  3 rats
78 creatures vanquished.

Notes
Turn   | Place    | Note
-------+----------+-------------------------------------------
     0 | D:1      | mainiacjoe the Ogre Ice Elementalist began the quest for
                  | the Orb.
     0 | D:1      | Reached XP level 1. HP: 16/16 MP: 3/3
   172 | D:1      | Reached skill level 1 in Fighting
   302 | D:1      | Reached XP level 2. HP: 27/27 MP: 1/5
  1188 | D:1      | Reached skill level 2 in Fighting
  1406 | D:1      | Reached XP level 3. HP: 35/35 MP: 4/6
  1410 | D:1      | Learned a level 3 spell: Frozen Ramparts
  1732 | D:2      | Learned a level 3 spell: Ozocubu's Armour
  1921 | D:2      | Reached skill level 3 in Fighting
  1977 | D:2      | Reached XP level 4. HP: 45/45 MP: 2/7
  3339 | D:3      | Found a hide-covered altar of Uskayaw.
  3351 | D:3      | Noticed Terence
  3367 | D:3      | Killed Terence
  3368 | D:3      | Reached skill level 4 in Fighting
  3368 | D:3      | Reached XP level 5. HP: 49/54 MP: 4/8
  3578 | D:3      | Found the +7 staff of the Meek {protect, meekguard}
  3594 | D:3      | Found a hazy altar of Hepliaklqana.
  3637 | D:3      | Noticed Sigmund
  3652 | D:3      | Killed Sigmund
  3653 | D:3      | Reached skill level 5 in Fighting
  3653 | D:3      | Reached skill level 5 in Ice Magic
  3653 | D:3      | Reached XP level 6. HP: 53/66 MP: 0/9
  3830 | D:3      | Noticed Robin
  3835 | D:3      | Killed Robin
  4023 | D:3      | Noticed Natasha
  4029 | D:3      | Killed Natasha
  4323 | D:3      | Became a worshipper of Hepliaklqana the Forgotten
  4423 | D:4      | Reached skill level 6 in Fighting
  4486 | D:4      | Reached XP level 7. HP: 76/76 MP: 5/10
  4486 | D:4      | Upgraded the game from 0.29-a0-275-g389c0b56f3 to
                  | 0.29-a0-541-gaf1fc19f1b
  4486 | D:4      | Upgraded the game from 0.29-a0-541-gaf1fc19f1b to
                  | 0.29-a0-902-g0f71de6fce
  4486 | D:4      | Quit the game

Illustrated notes

Levels and vault maps discovered:
D:1:      dpeg_arrival_court, layout_loops_corners
D:2:      layout_basic
D:3:      layout_basic, worldfamousw_hep_ancestral_shrine,
          amcnicky_altar_gilded, grunt_ministairs_13, uniq_robin, uniq_terence,
          uniq_natasha, uniq_sigmund
D:4:      minmay_diamond_boxcup, layout_loops_ring, cheibriados_altar_1,
          minmay_temple_entry_proselytizer, eino_small_chamber_without_monster

Skill      XL: |  1  2  3  4  5  6 |
---------------+-------------------+-----
Fighting       | 1 2 3 4 5 6 |  6.4
Ice Magic      | 4 5 |  5.9
Dodging        | |  1.7
Stealth        | |  1.4
Spellcasting   | |  2.5

Action                   |  1- 3 |  4- 6 |  7- 9 || total
-------------------------+-------+-------+-------++-------
Melee: Whip              |    13 |    13 |       ||    26
       Spear             |       |    24 |       ||    24
       Quarterstaff      |       |    22 |       ||    22
Throw: Stone             |       |    57 |       ||    57
       Boomerang         |       |    14 |       ||    14
 Cast: Freeze            |    44 |     7 |       ||    51
       Frozen Ramparts   |     6 |    12 |       ||    18
       Ozocubu's Armour  |       |     1 |       ||     1
  Use: Scroll            |       |     2 |       ||     2
 Stab: Distracted        |       |     1 |       ||     1
Armor: Robe              |    19 |    23 |       ||    42
Dodge: Dodged            |    14 |    31 |       ||    45

Table legend: (Time is in decaauts)
 A = Elapsed time spent in this place.
 B = Non-inter-level travel time spent in this place.
 C = Inter-level travel time spent in this place.
 D = Time resting spent in this place.
 E = Time spent auto-exploring this place.
 F = Levels seen in this place.
 G = Mean time per level.
                   A        B        C        D        E       F      G
               +--------+--------+--------+--------+--------+-----+--------+
         Total |   4504 |   4402 |    102 |    374 |   3339 |   4 | 1126.0 |
       Dungeon |   4504 |   4402 |    102 |    374 |   3339 |   4 | 1126.0 |
               +--------+--------+--------+--------+--------+-----+--------+

Top non-repeatable levels by time:
     D:2: 1800 daAuts
     D:1: 1494 daAuts
     D:3: 1069 daAuts
     D:4: 140 daAuts
